Cogmind - Beta 15 @@@ ROGUE MODE // 2025.10.19 @ 15:39:03 Player: shockman27 Result: Destroyed by D-63 Destroyer with Heavy Rocket Launcher Performance ------------- Evolutions (4) 2000 Regions Visited (15) 3000 Robots Destroyed (113) 565 Value Destroyed (2488) 2488 Prototype IDs (48) 960 Alien Tech Used (0) 0 Bonus (1424) 1424 TOTAL SCORE: 10437 Bonus ------- High Alert Combat Kills 22 Follower Combat Kills 202 Aligned with FarCom 300 Met Data Miner 300 Met Imprinter 300 Was Imprinted 300 Cogmind --------- Core Integrity 0/850 Matter 300/300 Energy 100/100 System Corruption 9% Temperature Cool (0) Movement Flying (165) Ox2 Location -5/Proximity Caves Parts ------- > --- POWER (2) -------- (None) > --- PROPULSION (5) --- Improved Cesium-ion Thruster > --- UTILITY (6) ------ Medium Storage Unit Advanced Signal Interpreter > --- WEAPON (2) ------- Power Sword > --- INVENTORY (10) --- Improved Sensor Array Improved Particle Charger Cloaking Device Insulated Plating Cooled Plasma Cannon Precision Grenade Launcher Rocket Array Peak State ------------ > --- POWER ------------ Micro Nuclear Core Micro Nuclear Core > --- PROPULSION ------- Improved VTOL Module Xenon Bombardment Thruster Improved Cesium-ion Thruster Improved Cesium-ion Thruster Nuclear Pulse Thruster > --- UTILITY ---------- Improved Cooling System Medium Storage Unit Advanced Sensor Array Advanced Signal Interpreter Modified TNC 0b10 Alert Chip > --- WEAPON ----------- Molecular Deconstructor > --- INVENTORY -------- Micro Nuclear Core Improved Cesium-ion Thruster Improved Sensor Array Improved Particle Charger Cloaking Device Insulated Plating Cooled Plasma Cannon Precision Grenade Launcher Rocket Array Power Sword [Rating: 80] Favorites ----------- Power Ion Engine Engine Ion Engine Power Core Micro Nuclear Core Propulsion Xenon Bombardment Thruster Treads Armored Treads Wheel Compact Wheel Flight Unit Xenon Bombardment Thruster Utility Large Storage Unit Device Improved Sensor Array Storage Large Storage Unit Processor Advanced Signal Interpreter Hackware Hacking Suite Protection Hardened Medium Armor Plating Weapon Medium Laser Energy Gun Medium Laser Energy Cannon Beam Cannon Ballistic Gun Gauss Rifle Launcher Rocket Launcher Special Weapon Mining Laser Impact Weapon Great Maul Slashing Weapon Makeshift Axe Piercing Weapon Makeshift Spear Build | -11 -10 -10 -10 -9 -8 -7 -7 -7 -7 -6 -6 -6 -6 -6 -5 ------- Run | Yrd Mat Min Exi Min Mat Fac Low Low Zio Pro Fac Low Low Dat Pro Slots Evolved 8 | . . . . . 4 2 . . . . 2 . . . . Power 1 | . . . . . . . . . . . 1 . . . . Propulsion 3 | . . . . . 2 . . . . . 1 . . . . Utility 4 | . . . . . 2 2 . . . . . . . . . Weapon . | . . . . . . . . . . . . . . . . Parts Attached 103 | 9 10 4 . 5 28 8 1 2 7 3 20 2 . . 4 Power 16 | 1 . . . 2 4 1 . 1 . 1 5 . . . 1 Engine 4 | 1 . . . . 2 1 . . . . . . . . . Core 12 | . . . . 2 2 . . 1 . 1 5 . . . 1 Reactor . | . . . . . . . . . . . . . . . . Propulsion 22 | 3 3 2 . . 5 3 . . . . 3 1 . . 2 Treads 10 | 1 3 2 . . 4 . . . . . . . . . . Leg . | . . . . . . . . . . . . . . . . Wheel 2 | 2 . . . . . . . . . . . . . . . Hover . | . . . . . . . . . . . . . . . . Flight 10 | . . . . . 1 3 . . . . 3 1 . . 2 Utility 32 | 3 3 . . 1 8 3 1 1 3 1 7 1 . . . Device 15 | 2 2 . . . 3 1 1 1 1 1 2 1 . . . Storage 4 | 1 1 . . . 1 1 . . . . . . . . . Processor 5 | . . . . . 1 . . . . . 4 . . . . Hackware 5 | . . . . . 1 1 . . 2 . 1 . . . . Protection 3 | . . . . 1 2 . . . . . . . . . . Artifact . | . . . . . . . . . . . . . . . . Weapon 33 | 2 4 2 . 2 11 1 . . 4 1 5 . . . 1 Energy Gun 7 | . 2 . . . 5 . . . . . . . . . . Energy Cannon 3 | . . 1 . . . . . . . . 2 . . . . Ballistic Gun 9 | 2 . . . . 4 1 . . 1 1 . . . . . Ballistic Cannon . | . . . . . . . . . . . . . . . . Launcher 6 | . 1 1 . 1 . . . . 1 . 2 . . . . Special Weapon 3 | . 1 . . . . . . . 1 . . . . . 1 Impact Weapon 1 | . . . . . 1 . . . . . . . . . . Slashing Weapon 3 | . . . . . 1 . . . 1 . 1 . . . . Piercing Weapon 1 | . . . . 1 . . . . . . . . . . . Special Melee Weapon . | . . . . . . . . . . . . . . . . Unidentified Prototypes 12 | . . . . . 5 1 . . 2 . 3 . . . 1 Parts Lost 22 | . 1 1 . 1 . . . . . . 5 . 1 . 13 Power 3 | . . . . . . . . . . . . . . . 3 Propulsion 10 | . . 1 . . . . . . . . 2 . 1 . 6 Utility 9 | . 1 . . 1 . . . . . . 3 . . . 4 Weapon . | . . . . . . . . . . . . . . . . Highest Loss Streak 10 | . 1 1 . 1 . . . . . . 3 . 1 . 10 To Critical Strikes . | . . . . . . . . . . . . . . . . Average Backups 11 | 4 11 14 15 14 14 8 8 8 9 8 9 9 9 9 8 Power . | . 1 1 1 1 1 1 1 1 1 1 . 1 1 1 . Propulsion 1 | 2 4 3 2 1 1 . . . . . . 1 1 1 . Utility 4 | . 1 4 5 6 6 4 4 4 3 3 3 3 4 4 4 Weapon 4 | 1 5 6 6 6 4 3 3 3 5 4 4 3 3 3 2 Tool/Special . | . . . . . . . . . . . . . . . . Unused Backups 16 | . 2 1 2 . 3 . . 1 1 . 1 3 . . 2 Power 1 | . . . . . . . . 1 . . . . . . . Propulsion 3 | . 1 . 2 . . . . . . . . . . . . Utility 5 | . . . . . . . . . . . 1 2 . . 2 Weapon 7 | . 1 1 . . 3 . . . 1 . . 1 . . . Tool/Special . | . . . . . . . . . . . . . . . . Average Slot Usage (%) 93 | . 99 100 100 96 94 80 83 88 92 84 88 93 94 93 89 Engine 6 | . 13 14 14 . 4 7 7 5 . . . . . . . Core 4 | . . . . 13 4 . . 1 7 7 11 13 13 13 11 Treads 12 | . 14 14 14 14 34 1 . . . . . . . . . Wheel 5 | . 13 14 14 14 . . . . . . . . . . . Flight 12 | . . . . . . 27 30 30 30 30 31 33 33 33 31 Device 13 | . 13 14 14 6 8 14 22 23 23 22 12 13 13 13 12 Storage 10 | . 14 14 14 14 9 7 7 7 7 7 6 6 6 6 6 Processor 3 | . . . . . . . . . . . 17 20 20 20 19 Hackware 4 | . . . . . 7 13 15 15 14 7 1 . . . . Protection 1 | . . . . 4 6 3 . . . 2 . . . . . Energy Gun 7 | . 16 19 14 1 6 . . . . . . . . . . Energy Cannon 1 | . . 4 14 1 . . . . . . . . . . . Ballistic Gun 3 | . 8 . . 4 6 3 . . . . . . . . . Launcher 1 | . . 3 . 16 . . . . . . . . . . . Slashing Weapon 1 | . . . . . . . . . 4 3 5 6 6 6 6 Peak Build Rating 80 | 9 10 11 10 18 45 41 43 48 52 54 65 72 72 67 80 Average Rating 30 | 6 8 9 9 14 37 35 39 42 47 45 55 66 67 67 64 On Entrance 35 | . 7 8 9 10 16 34 35 40 45 48 45 63 72 67 67 Naked Turns . | . . . . . . . . . . . . . . . . Heaviest Build 51 | 15 31 32 31 33 51 23 27 31 23 23 29 34 28 28 36 Greatest Support 83 | 20 40 20 16 16 83 23 23 23 23 23 29 29 29 29 29 Greatest Overweight (x) 3 | 1 3 1 1 2 3 . 1 1 . . . 1 1 . 2 Average Overweight (x) . | . 1 1 1 1 . . . . . . . . . . . Largest Inventory Capacity 15 | 8 15 15 15 15 15 15 10 10 10 10 10 10 10 10 10 Average Capacity 12 | 7 14 15 15 15 15 10 10 10 10 10 10 10 10 10 10 Most Carried 15 | 6 15 15 15 15 15 15 10 10 10 10 10 10 10 9 10 Average Carried 12 | 4 11 14 14 14 14 9 9 9 9 9 9 9 9 9 8 Final Capacity 15 | 8 15 15 15 15 15 10 10 10 10 10 10 10 10 10 10 Final Carried 15 | 6 15 15 15 15 15 10 10 10 10 10 8 9 9 9 7 Class Distribution -------------------- 62% | Mutant 16% | Hacker-Sprinter 14% | Scout 4% | Sprinter Dominant Class ---------------- Mutant | -10/Materials Mutant | -10/Mines Mutant | -10/Exiles Mutant | -9/Mines Mutant | -8/Materials Hacker-Sprinter | -7/Factory Hacker-Sprinter | -7/Lower Caves Hacker-Sprinter | -7/Lower Caves Hacker-Sprinter | -7/Zion Sprinter | -6/Proximity Caves Scout | -6/Factory Scout | -6/Lower Caves Scout | -6/Lower Caves Scout | -6/Data Miner Scout | -5/Proximity Caves Resources | -11 -10 -10 -10 -9 -8 -7 -7 -7 -7 -6 -6 -6 -6 -6 -5 ----------- Run | Yrd Mat Min Exi Min Mat Fac Low Low Zio Pro Fac Low Low Dat Pro Matter Collected 3188 | 327 590 200 . 117 690 . 353 153 80 152 237 94 . . 195 Remotely . | . . . . . . . . . . . . . . . . Salvage Created 3412 | 160 905 349 . 61 913 . 58 63 . 108 710 . . . 85 Parts 204 | 11 56 28 . 2 34 . . 7 . 13 47 . . . 6 Haulers Intercepted 6 | . 2 . . . 2 . . . . . 2 . . . . Recyclers Shooed 3 | 1 . . . . 2 . . . . . . . . . . Parts Field Recycled . | . . . . . . . . . . . . . . . . Retrieved Matter . | . . . . . . . . . . . . . . . . Parts Self-Destructed 27 | . . . . . . . 6 3 . 13 . . . . 5 Prevented 2 | . . . . . . . . . . 2 . . . . . Kills | -11 -10 -10 -10 -9 -8 -7 -7 -7 -7 -6 -6 -6 -6 -6 -5 ------- Run | Yrd Mat Min Exi Min Mat Fac Low Low Zio Pro Fac Low Low Dat Pro Combat Hostiles Destroyed 66 | . 15 12 . 6 16 . 1 5 . 3 6 . . . 2 Melee 5 | . . . . . . . . . . 1 2 . . . 2 Guns 22 | . 11 1 . . 8 . . . . 2 . . . . . Cannons 2 | . . 1 . 1 . . . . . . . . . . . AOE 34 | . 3 10 . 5 8 . . 4 . . 4 . . . . Classes Destroyed 18 | 2 7 . . 1 3 . 1 1 . 2 1 . . . . Worker 11 | . 3 . . . 2 . . . . . 6 . . . . Builder 11 | . 1 1 . . 2 . . . . . 7 . . . . Tunneler 10 | 4 2 3 . . 1 . . . . . . . . . . Hauler 6 | . 2 . . . 2 . . . . . 2 . . . . Recycler 7 | 1 1 1 . . 3 . . . . . 1 . . . . Mechanic 1 | . . . . . 1 . . . . . . . . . . Operator 2 | . 2 . . . . . . . . . . . . . . Drone 1 | . . . . . . . . . . 1 . . . . . Watcher 4 | . 2 . . . 1 . . . . . 1 . . . . Swarmer 23 | . 3 9 . . 2 . . 4 . . 4 . . . 1 Cutter 1 | . . . . . . . . . . . 1 . . . . Grunt 28 | . 12 3 . 1 11 . . . . . 1 . . . . Brawler 1 | . . . . . 1 . . . . . . . . . . Sentry 2 | . . . . . 2 . . . . . . . . . . Programmer 3 | . . . . . . . . . . 2 . . . . 1 Thief 1 | . . . . . . . . 1 . . . . . . . Assembled 5 | . . . . 5 . . . . . . . . . . . Mutant 1 | . . . . . . . 1 . . . . . . . . Best Kill Streak 18 | 4 6 3 . 5 8 . 1 4 . 1 18 . . . 1 Combat Bots Only 6 | . 5 3 . 5 6 . 1 4 . 1 4 . . . 1 Max Kills in Single Turn 8 | 1 2 2 . 5 3 . 1 1 . 1 8 . . . 1 Gunslinging . | . . . . . . . . . . . . . . . . Exploded 5 | . 2 2 . 5 3 . . 1 . . 3 . . . . Melee 1 | . . . . . . . . . . 1 1 . . . 1 Uniques/NPCs Destroyed . | . . . . . . . . . . . . . . . . Combat | -11 -10 -10 -10 -9 -8 -7 -7 -7 -7 -6 -6 -6 -6 -6 -5 -------- Run | Yrd Mat Min Exi Min Mat Fac Low Low Zio Pro Fac Low Low Dat Pro Hostile Shots Fired 255 | . 61 19 . 9 56 . 8 12 . 6 29 18 . . 37 Missed 101 | . 22 4 . 2 21 . 6 10 . 5 15 9 . . 7 Hits 154 | . 39 15 . 7 35 . 2 2 . 1 14 9 . . 30 Melee 2 | . . . . 1 . . . 1 . . . . . . . Projectile 152 | . 39 15 . 6 35 . 2 1 . 1 14 9 . . 30 AOE 22 | . . . . . . . . . . . . . . . 22 Critical Strikes 2 | . . . . . 2 . . . . . . . . . . Damage Taken 3559 | . 500 241 . 153 635 . 18 110 . 14 331 107 117 . 1333 Core 1135 | . 87 . . 28 84 . 12 24 . . 123 . 64 . 713 Absorbed by Shields . | . . . . . . . . . . . . . . . . Ignored by Resistances 6 | . . . . . . . . . . . . . . . 6 Regen/Repaired (Parts) 58 | . 58 . . . . . . . . . . . . . . Core Remaining (%) 83 | 100 . . . 54 84 . . . . 94 . . . . . Volleys Fired 273 | 9 105 27 . 4 46 . 8 11 . 7 18 2 9 . 27 Largest 2 | 2 2 2 . 2 2 . 1 2 . 2 1 1 1 . 1 Hottest 110 | 40 100 110 . 110 110 . 30 83 . 88 90 35 35 . 35 Shots Fired 422 | 18 192 45 . 6 71 . 8 17 . 10 18 2 8 . 27 Gun 296 | 18 174 25 . 2 55 . . 12 . 10 . . . . . Cannon 69 | . . 13 . 2 . . . . . . 17 2 8 . 27 Launcher 41 | . 2 7 . 2 16 . 8 5 . . 1 . . . . Special 16 | . 16 . . . . . . . . . . . . . . Kinetic 107 | 18 46 . . . 30 . . 6 . 7 . . . . . Thermal 240 | . 144 38 . 4 . . . . . . 17 2 8 . 27 Explosive 41 | . 2 7 . 2 16 . 8 5 . . 1 . . . . Electromagnetic 34 | . . . . . 25 . . 6 . 3 . . . . . Robot Hit Streak 16 | 4 12 9 . 5 16 . . 9 . 3 4 . . . . Robot Miss Streak 6 | 3 4 2 . 1 6 . . 3 . 2 . . . . . Penetration Max 1 | . . . . . 1 . . . . . . . . . . Secondary Targets 2 | . 2 . . . . . . . . . . . . . . Max Gunslinging Chain 1 | . 1 . . . . . . . . . . . . . . Shots Hit Robots 237 | 10 108 30 . 4 49 1 1 12 . 7 13 . . . 2 Core Hits 156 | 6 43 25 . 8 38 . . 4 . 4 27 . . . 1 Critical Kills 1 | . 1 . . . . . . . . . . . . . . Critical Parts Destroyed 6 | . 2 . . . 3 . 1 . . . . . . . . Critical Strikes 17 | . 10 1 . . 5 . 1 . . . . . . . . Burn 8 | . 7 1 . . . . . . . . . . . . . Destroy 3 | . 3 . . . . . . . . . . . . . . Corrupt 2 | . . . . . 2 . . . . . . . . . . Smash 4 | . . . . . 3 . 1 . . . . . . . . Melee Attacks 133 | . . . . . 33 2 6 . 3 3 56 3 6 . 21 Impact 35 | . . . . . 27 2 6 . . . . . . . . Slashing 95 | . . . . . 3 . . . 3 3 56 3 6 . 21 Piercing 3 | . . . . . 3 . . . . . . . . . . Sneak Attacks 13 | . . . . . 7 . . . . 1 5 . . . . Combat Hostiles 1 | . . . . . . . . . . 1 . . . . . Follow-up Attacks . | . . . . . . . . . . . . . . . . Damage Inflicted 8207 | 127 1546 1020 . 320 2730 43 30 562 . 208 1535 . . . 86 Guns 2831 | 127 1411 242 . 26 730 . . 169 . 126 . . . . . Cannons 175 | . . 157 . 18 . . . . . . . . . . . Explosions 3508 | . 111 621 . 255 1275 . . 393 . . 853 . . . . Melee 1647 | . . . . . 724 43 30 . . 82 682 . . . 86 Ramming 22 | . . . . 21 1 . . . . . . . . . . Kinetic 1095 | 127 447 . . . 322 . . 81 . 118 . . . . . Thermal 1727 | . 988 593 . 44 . . . . . . 102 . . . . Explosive 2877 | . 111 427 . 255 1275 . . 393 . . 416 . . . . Electromagnetic 839 | . . . . . 408 . . 88 . 8 335 . . . . Impact 704 | . . . . . 631 43 30 . . . . . . . . Slashing 943 | . . . . . 93 . . . . 82 682 . . . 86 Piercing . | . . . . . . . . . . . . . . . . Highest Corruption 9 | . . . . . . . . . . . 4 4 9 9 9 Average Corruption 7 | . . . . . . . . . . . 4 4 6 9 9 Corruption Purged . | . . . . . . . . . . . . . . . . Corruption Blocked . | . . . . . . . . . . . . . . . . Effects 21 | . . . . . . . . . . . . 2 4 1 14 Message Errors 4 | . . . . . . . . . . . . 1 1 . 2 Matter Fused 6 | . . . . . . . . . . . . . . 1 5 Heat Flow Errors 3 | . . . . . . . . . . . . . . . 3 Energy Discharges 2 | . . . . . . . . . . . . 1 . . 1 Data Loss (minor) 5 | . . . . . . . . . . . . . 2 . 3 Weapon Failures 1 | . . . . . . . . . . . . . 1 . . Overload Shots . | . . . . . . . . . . . . . . . . Overflow Damage 825 | . . 29 . 14 514 . 30 55 . . 160 . . . 23 Projectiles 7 | . . 7 . . . . . . . . . . . . . Explosions 127 | . . 22 . 14 11 . . 55 . . 25 . . . . Melee 691 | . . . . . 503 . 30 . . . 135 . . . 23 Knockbacks 4 | . . . . 1 2 1 . . . . . . . . . Impact 4 | . . . . 1 2 1 . . . . . . . . . Kinetic . | . . . . . . . . . . . . . . . . Secondary . | . . . . . . . . . . . . . . . . Self-Inflicted Damage 248 | . 2 73 . 10 91 . . 72 . . . . . . . Shots 11 | . 1 2 . . 5 . . 3 . . . . . . . Rammed 2 | . . . . 1 1 . . . . . . . . . . Targets Rammed 2 | . . . . 1 1 . . . . . . . . . . Kicked . | . . . . . . . . . . . . . . . . Crushed . | . . . . . . . . . . . . . . . . Highest Temperature 246 | . 153 246 . 123 27 . . 72 . 106 80 . . . 197 Average Temperature 39 | . 36 59 . 65 10 . . 29 . 46 30 . . . 89 Received Heat Transfer 680 | . 249 63 . 27 288 . 20 . . . 21 12 . . . Siege Activations . | . . . . . . . . . . . . . . . . Martial Activations . | . . . . . . . . . . . . . . . . Shielding Activations . | . . . . . . . . . . . . . . . . Robots Disrupted 1 | . . . . . . . . . . 1 . . . . . Combat Hostiles 1 | . . . . . . . . . . 1 . . . . . Robots Corrupted 4 | . . . . . 2 . 1 1 . . . . . . . Combat Hostiles 2 | . . . . . . . 1 1 . . . . . . . Parts Fried 9 | . . . . . 5 . 2 2 . . . . . . . Impact Corruptions 10 | . . . . . 8 . 2 . . . . . . . . Robots Melted 1 | . 1 . . . . . . . . . . . . . . Combat Hostiles 1 | . 1 . . . . . . . . . . . . . . Parts Melted 7 | . 4 1 . 1 . . . . . . 1 . . . . Heat Transferred 4951 | . 3380 1360 . 111 . . . . . . 100 . . . . Parts Sabotaged . | . . . . . . . . . . . . . . . . Parts Stolen . | . . . . . . . . . . . . . . . . Parts Stripped . | . . . . . . . . . . . . . . . . Power Chain Reactions 2 | . . . . . . . . . . . 2 . . . . Alert | -11 -10 -10 -10 -9 -8 -7 -7 -7 -7 -6 -6 -6 -6 -6 -5 ------- Run | Yrd Mat Min Exi Min Mat Fac Low Low Zio Pro Fac Low Low Dat Pro Maximum Alert Level 3 | . . . . . 1 . . . . . 3 . . . . Low Security (%) 83 | 100 100 100 . 100 84 100 . . . . . . . . . Level 1 4 | . . . . . 15 . . . . . 4 . . . . Level 2 10 | . . . . . . . . . . . 89 . . . . Level 3 . | . . . . . . . . . . . 6 . . . . Level 4 . | . . . . . . . . . . . . . . . . Level 5 . | . . . . . . . . . . . . . . . . High Security . | . . . . . . . . . . . . . . . . Max Security . | . . . . . . . . . . . . . . . . Peak Influence 721 | 10 149 190 . 81 256 113 . . . . 721 . . . . Initial 450 | . . 7 . . . 113 . . . . 450 . . . . Average 124 | 1 42 83 . 8 122 60 . . . . 520 . . . . Influence Increases 3487 | 25 569 491 . 84 671 28 75 90 . 108 1182 12 12 . 140 Destroy 0b10 Robot/C 1272 | . 300 260 . 60 320 . . 80 . 60 160 . . . 32 Destroy 0b10 Robot/NC 280 | 25 65 30 . . 65 . . . . 5 90 . . . . Destroy Leader 264 | . 78 50 . 10 68 . . 10 . 20 28 . . . . Allied During Kill 67 | . . 20 . 11 . . . . . 8 28 . . . . Successful Hack 81 | . 22 . . . 33 12 . . . . 14 . . . . Select Force Hacks 30 | . 30 . . . . . . . . . . . . . . Disable Machine 285 | . 30 60 . . 15 . . . . . 180 . . . . Destroy Structure 251 | . 29 71 . 3 95 1 . . . . 52 . . . . Advance Influence 450 | . . . . . . . . . . . 450 . . . . Partial Spotted 15 | . . . . . . . . . . . 15 . . . . Lose Combat Pursuer 492 | . 15 . . . 75 15 75 . . 15 165 12 12 . 108 Influence Decreases 3487 | 25 549 418 93 84 421 267 42 84 50 108 622 308 121 155 140 Entered New Map 721 | . . 13 93 . . 137 5 9 50 . . 208 51 155 . Time Decay 2220 | 25 428 395 . 54 401 130 37 75 . 63 342 100 60 . 110 Search Patrol Dispatched 150 | . . . . . . . . . . . 150 . . . . Lost Part 120 | . 10 10 . 10 . . . . . . 50 . 10 . 30 Lost Ally 165 | . . . . 20 20 . . . . 45 80 . . . . Purge Threat 111 | . 111 . . . . . . . . . . . . . . Squads Dispatched 13 | . 4 1 . . 2 2 . . . . 4 . . . . Investigation 4 | . 2 1 . . . 1 . . . . . . . . . Extermination 2 | . . . . . . . . . . . 2 . . . . Reinforcement 7 | . 2 . . . 2 1 . . . . 2 . . . . Assault . | . . . . . . . . . . . . . . . . Garrison . | . . . . . . . . . . . . . . . . Intercept . | . . . . . . . . . . . . . . . . Searches Triggered 1 | . . . . . . . . . . . 1 . . . . Construction Impeded 1 | . . . . . . . . . . . 1 . . . . Haulers Reinforced 1 | . . . . . . . . . . . 1 . . . . Active Scanning Responses . | . . . . . . . . . . . . . . . . Cargo Convoy Interrupts . | . . . . . . . . . . . . . . . . Stealth | -11 -10 -10 -10 -9 -8 -7 -7 -7 -7 -6 -6 -6 -6 -6 -5 --------- Run | Yrd Mat Min Exi Min Mat Fac Low Low Zio Pro Fac Low Low Dat Pro Distress Signals 19 | . 3 . . . 5 . . . . 1 1 . . . 9 Communications Jammed . | . . . . . . . . . . . . . . . . Distress Signals . | . . . . . . . . . . . . . . . . Times Spotted 134 | . 28 10 . 11 33 3 5 7 . 4 16 1 2 . 14 Peak Tracking Total 11 | . 4 3 . 5 8 2 3 4 . 2 11 1 3 . 6 Tactical Retreats 25 | . 1 . . . 3 1 3 . . 1 6 1 1 . 8 Traps | -11 -10 -10 -10 -9 -8 -7 -7 -7 -7 -6 -6 -6 -6 -6 -5 ------- Run | Yrd Mat Min Exi Min Mat Fac Low Low Zio Pro Fac Low Low Dat Pro Traps Triggered 7 | . 3 . . . 3 . . . . . 1 . . . . Indirectly . | . . . . . . . . . . . . . . . . Trap Hack Attempts . | . . . . . . . . . . . . . . . . Triggered . | . . . . . . . . . . . . . . . . Disarmed . | . . . . . . . . . . . . . . . . Reprogrammed . | . . . . . . . . . . . . . . . . Reused . | . . . . . . . . . . . . . . . . Traps Extracted . | . . . . . . . . . . . . . . . . Installed . | . . . . . . . . . . . . . . . . Triggered . | . . . . . . . . . . . . . . . . Machines | -11 -10 -10 -10 -9 -8 -7 -7 -7 -7 -6 -6 -6 -6 -6 -5 ---------- Run | Yrd Mat Min Exi Min Mat Fac Low Low Zio Pro Fac Low Low Dat Pro Machines Disabled 21 | . 2 4 . . 1 . 1 . . . 12 . . . 1 Max in Single Turn 5 | . 2 4 . . 1 . 1 . . . 5 . . . 1 Machines Repaired . | . . . . . . . . . . . . . . . . Machines Dismantled . | . . . . . . . . . . . . . . . . Machines Sabotaged . | . . . . . . . . . . . . . . . . Overloaded Fab Kills . | . . . . . . . . . . . . . . . . Hacking | -11 -10 -10 -10 -9 -8 -7 -7 -7 -7 -6 -6 -6 -6 -6 -5 --------- Run | Yrd Mat Min Exi Min Mat Fac Low Low Zio Pro Fac Low Low Dat Pro Machines Accessed 31 | . 9 1 2 1 5 4 . . . . 5 . . 4 . Terminals 12 | . 6 . . . 4 2 . . . . . . . . . Fabricators 2 | . . . . . . 1 . . . . 1 . . . . Repair Stations 1 | . 1 . . . . . . . . . . . . . . Recycling Units 6 | . 2 . . . . 1 . . . . 3 . . . . Scanalyzers 1 | . . . . . 1 . . . . . . . . . . Garrison Access 1 | . . . . . . . . . . . 1 . . . . Total Hacks 103 | . 33 1 2 1 13 11 . . . . 10 . . 32 . Successful 70 | . 18 1 2 1 6 6 . . . . 4 . . 32 . Failed 32 | . 15 . . . 6 5 . . . . 6 . . . . Catastrophic 5 | . 1 . . . 1 1 . . . . 2 . . . . Database Lockouts 1 | . . . . . 1 . . . . . . . . . . Manual 55 | . 21 . 1 . 11 4 . . 2 . 15 . . . 1 Terminals 42 | . 24 . . . 11 7 . . . . . . . . . Fabricators 3 | . . . . . . 1 . . . . 2 . . . . Repair Stations 6 | . 6 . . . . . . . . . . . . . . Recycling Units 13 | . 3 . . . . 3 . . . . 7 . . . . Scanalyzers 2 | . . . . . 2 . . . . . . . . . . Garrison Access 1 | . . . . . . . . . . . 1 . . . . Terminal Hacks 44 | . 5 1 2 1 3 . . . . . . . . 32 . Record 12 | . . . 1 . . . . . . . . . . 11 . Part Schematic 13 | . . . . . 1 . . . . . . . . 12 . Robot Schematic 6 | . . . . . . . . . . . . . . 6 . Robot Analysis 2 | . 1 . . . 1 . . . . . . . . . . Prototype ID Bank 4 | . 1 . . . . . . . . . . . . 3 . Open Door 2 | . . 1 . 1 . . . . . . . . . . . Branch Access Points 2 | . 1 . . . 1 . . . . . . . . . . Unreport Threat 1 | . 1 . . . . . . . . . . . . . . Hauler Manifests 1 | . 1 . . . . . . . . . . . . . . Proto ID Catalog 1 | . . . 1 . . . . . . . . . . . . Fabricator Hacks 2 | . . . . . . 1 . . . . 1 . . . . Network Status 1 | . . . . . . 1 . . . . . . . . . Build 1 | . . . . . . . . . . . 1 . . . . Repair Station Hacks 4 | . 4 . . . . . . . . . . . . . . Scan Component 2 | . 2 . . . . . . . . . . . . . . Repair 2 | . 2 . . . . . . . . . . . . . . Recycling Unit Hacks 6 | . . . . . . 3 . . . . 3 . . . . Process 1 | . . . . . . 1 . . . . . . . . . Report Inventory 2 | . . . . . . . . . . . 2 . . . . Retrieve Matter 2 | . . . . . . 2 . . . . . . . . . Retrieve Components 1 | . . . . . . . . . . . 1 . . . . Scanalyzer 1 | . . . . . 1 . . . . . . . . . . Insert Component 1 | . . . . . 1 . . . . . . . . . . Garrison Access Hacks . | . . . . . . . . . . . . . . . . Unauthorized Hacks 13 | . 9 . . . 2 2 . . . . . . . . . Terminals 12 | . 8 . . . 2 2 . . . . . . . . . Track 2 | . 2 . . . . . . . . . . . . . . Assimilate 1 | . 1 . . . . . . . . . . . . . . Botnet 8 | . 4 . . . 2 2 . . . . . . . . . Operators 1 | . 1 . . . . . . . . . . . . . . Fabricators . | . . . . . . . . . . . . . . . . Repair Stations . | . . . . . . . . . . . . . . . . Recycling Units 1 | . 1 . . . . . . . . . . . . . . Tunnel 1 | . 1 . . . . . . . . . . . . . . Scanalyzers . | . . . . . . . . . . . . . . . . Garrison Access . | . . . . . . . . . . . . . . . . Data Cores Recovered . | . . . . . . . . . . . . . . . . Used . | . . . . . . . . . . . . . . . . Hacking Detections 18 | . 7 . . . 5 2 . . . . 4 . . . . Full Trace Events 2 | . 1 . . . . 1 . . . . . . . . . Feedback Events . | . . . . . . . . . . . . . . . . Feedback Blocked . | . . . . . . . . . . . . . . . . Robot Schematics Acquired 6 | . . . . . . . . . . . . . . 6 . Robots Built . | . . . . . . . . . . . . . . . . Authchips . | . . . . . . . . . . . . . . . . Time . | . . . . . . . . . . . . . . . . Total Robot Build Rating . | . . . . . . . . . . . . . . . . Part Schematics Acquired 13 | . . . . . 1 . . . . . . . . 12 . Parts Built 2 | . . . . . . . . . . . 2 . . . . Authchips . | . . . . . . . . . . . . . . . . Time 64 | . . . . . . . . . . . 64 . . . . Total Part Build Rating 16 | . . . . . . . . . . . 16 . . . . Parts Repaired 2 | . 2 . . . . . . . . . . . . . . Time 64 | . 64 . . . . . . . . . . . . . . Parts Recycled . | . . . . . . . . . . . . . . . . Recycled Matter 4 | . . . . . . 4 . . . . . . . . . Retrieved Matter 4 | . . . . . . 4 . . . . . . . . . Retrieved Components 3 | . . . . . . . . . . . 3 . . . . Parts Scanalyzed 1 | . . . . . 1 . . . . . . . . . . Part Schematics Acquired . | . . . . . . . . . . . . . . . . Parts Damaged . | . . . . . . . . . . . . . . . . Bothacking | -11 -10 -10 -10 -9 -8 -7 -7 -7 -7 -6 -6 -6 -6 -6 -5 ------------ Run | Yrd Mat Min Exi Min Mat Fac Low Low Zio Pro Fac Low Low Dat Pro Used RIF Installer . | . . . . . . . . . . . . . . . . Robots Hacked . | . . . . . . . . . . . . . . . . Non-combat . | . . . . . . . . . . . . . . . . Combat . | . . . . . . . . . . . . . . . . Robot Hacks Applied . | . . . . . . . . . . . . . . . . Relay Couplers Released . | . . . . . . . . . . . . . . . . Fabnet Peak Effective % . | . . . . . . . . . . . . . . . . Robots Rewired . | . . . . . . . . . . . . . . . . Allies Hacked 2 | . . . . . . . . . . . 2 . . . . Hacks Repelled . | . . . . . . . . . . . . . . . . Allies | -11 -10 -10 -10 -9 -8 -7 -7 -7 -7 -6 -6 -6 -6 -6 -5 -------- Run | Yrd Mat Min Exi Min Mat Fac Low Low Zio Pro Fac Low Low Dat Pro Total Allies 15 | . . 5 . . . . . . 4 . 5 . . . 1 Largest Group 5 | . . 5 5 3 1 . . . 4 4 5 . . . 1 Highest-Rated Group 152 | . . 81 81 40 7 . . . 152 152 140 . . . 96 Highest-Rated Ally 96 | . . 31 31 16 7 . . . 41 41 28 . . . 96 Zionite Dispatches 2 | . . . . . . . . . . . 2 . . . . Fire 1 | . . . . . . . . . . . 1 . . . . Infowar Resupply 1 | . . . . . . . . . . . 1 . . . . Total Orders 8 | . . . . . 3 . . . . 2 3 . . . . STAY 1 | . . . . . . . . . . . 1 . . . . DROP 1 | . . . . . . . . . . . 1 . . . . COLLECT 1 | . . . . . . . . . . . 1 . . . . EXPLORE 5 | . . . . . 3 . . . . 2 . . . . . Ally Attacks 65 | . . 8 . 29 7 . . . . 6 10 . . . 5 Total Damage 1085 | . . 144 . 287 77 . . . . 233 171 . . . 173 Kills 14 | . . 1 . 7 1 . . . . 2 3 . . . . Allies Corrupted . | . . . . . . . . . . . . . . . . Allies Melted . | . . . . . . . . . . . . . . . . Intel | -11 -10 -10 -10 -9 -8 -7 -7 -7 -7 -6 -6 -6 -6 -6 -5 ------- Run | Yrd Mat Min Exi Min Mat Fac Low Low Zio Pro Fac Low Low Dat Pro Active Infowar (turns) 5471 | 60 718 678 306 90 . 262 616 231 521 377 779 201 123 22 487 Sensors 3595 | . . . . . . 262 616 231 521 377 755 201 123 22 487 Terrain 229 | 37 . . . . . . . . . . 192 . . . . Seismic 1815 | 23 718 678 306 90 . . . . . . . . . . . T.N.C. 412 | . . . . . . . . . . . 412 . . . . ECM 2 | . . . . . . . . . 2 . . . . . . Robot Analysis Total 2 | . 1 . . . 1 . . . . . . . . . . Derelict Logs Recovered 10 | . . 2 . . . . 1 . . 1 . 2 1 . 3 Drone Launches 5 | . . . . . 3 . . . . 2 . . . . . Drone Recoveries . | . . . . . . . . . . . . . . . . Zionite Intel Received 2 | . . . . . . . . . . . 2 . . . . Guard Positions 1 | . . . . . . . . . . . 1 . . . . Trap Installations 1 | . . . . . . . . . . . 1 . . . . Exploration | -11 -10 -10 -10 -9 -8 -7 -7 -7 -7 -6 -6 -6 -6 -6 -5 ------------- Run | Yrd Mat Min Exi Min Mat Fac Low Low Zio Pro Fac Low Low Dat Pro Turns Passed 9529 | 125 1737 1169 306 675 1875 269 616 231 521 377 779 201 123 22 503 Spaces Moved 10674 | 75 1105 772 257 514 879 376 1023 629 1171 435 1490 601 323 86 938 Core 6 | 6 . . . . . . . . . . . . . . . Treads 932 | 2 5 113 . . 812 . . . . . . . . . . Legs . | . . . . . . . . . . . . . . . . Wheels 2664 | 67 1100 659 257 514 67 . . . . . . . . . . Hover . | . . . . . . . . . . . . . . . . Flight 7072 | . . . . . . 376 1023 629 1171 435 1490 601 323 86 938 Fastest Speed 24 | 50 95 115 115 115 130 29 29 29 29 29 25 25 25 25 24 Average Speed 62 | 98 107 133 115 115 164 29 29 29 29 29 27 25 25 25 37 Slowest Speed 240 | 160 160 240 115 130 167 32 106 106 29 29 29 97 97 25 165 Overloaded Moves . | . . . . . . . . . . . . . . . . Propulsion Burnouts . | . . . . . . . . . . . . . . . . Robots Hopped 6 | . . . . . . 4 1 . . . . 1 . . . Potential Cave-ins 11 | . . . . . . . . . . . 7 . 4 . . Cave-ins Triggered 2 | . . . . . . . . . . . 1 . 1 . . Exploration Rate (%) 67 | 4 98 96 60 91 64 8 93 85 90 69 35 75 55 70 79 Regions Visited 15 Branch Regions 11 Pre-discovered Areas 10 | . 1 2 1 . . . 1 . 3 1 . . . 1 . Known Exits Taken 5 | . 1 . . . . . . . . . 1 1 1 1 . Unknown Exits Taken 10 | 1 . 1 1 1 1 1 1 1 1 1 . . . . . Scrap Searched 24 | . . 1 . 2 . . 3 3 4 2 . 5 . . 4 Spaces Dug 172 | . 14 12 . . 22 1 4 . . 2 58 5 14 . 40 Terrain Destroyed 487 | . 26 91 . 8 131 1 88 15 . 3 65 5 14 . 40 Melee 93 | . . . . . 22 1 4 . . 2 41 3 6 . 14 Projectile 69 | . 15 . . . . . . . . 1 17 2 8 . 26 AOE 324 | . 11 91 . 8 108 . 84 15 . . 7 . . . . Terrain Rammed . | . . . . . . . . . . . . . . . . Walls Destroyed . | . . . . . . . . . . . . . . . . Machines Disabled . | . . . . . . . . . . . . . . . . Actions | -11 -10 -10 -10 -9 -8 -7 -7 -7 -7 -6 -6 -6 -6 -6 -5 --------- Run | Yrd Mat Min Exi Min Mat Fac Low Low Zio Pro Fac Low Low Dat Pro Total 12848 | 103 1416 867 268 591 1168 530 1319 657 1351 676 1794 646 348 85 1029 Wait 1351 | 6 162 49 8 53 107 131 274 1 154 202 154 27 1 . 22 Move 10647 | 74 1104 771 256 513 878 369 1020 628 1170 434 1488 598 321 85 938 Hop 4 | . . . . . . 2 1 . . . . 1 . . . Pick Up 69 | 5 15 4 2 3 17 . . 3 4 . 11 5 . . . Fast Attach 52 | 7 2 . . 1 18 1 2 . 6 5 8 . . . 2 Attach 64 | . . 1 . 1 8 9 3 5 1 7 13 2 5 . 9 Detach 54 | . . . . . 4 7 4 4 3 9 10 1 5 . 7 Swap 89 | 2 22 10 . 8 28 1 . 2 1 3 8 2 . . 2 Drop 95 | . 6 5 2 7 28 8 1 3 9 6 14 5 . . 1 Fire 273 | 9 105 27 . 4 46 . 8 11 . 7 18 2 9 . 27 Melee 133 | . . . . . 33 2 6 . 3 3 56 3 6 . 21 Ram 1 | . . . . 1 . . . . . . . . . . . Kick . | . . . . . . . . . . . . . . . . Crush 1 | . . . . . 1 . . . . . . . . . . Escape Stasis 15 | . . . . . . . . . . . 14 . 1 . . Rewire . | . . . . . . . . . . . . . . . . Trap . | . . . . . . . . . . . . . . . . Miscellaneous . | . . . . . . . . . . . . . . . . Route ------- -11/Scrapyard -10/Materials (discovered 5 exits: [*Mat x3] / *Min / [*Sub]) -10/Mines (discovered 4 exits: [*Mat x2] / *Exi / [*Sub]) -10/Exiles -9/Mines -8/Materials (discovered 2 exits: *Fac x2) -7/Factory -7/Lower Caves -7/Lower Caves (discovered 2 exits: *Fac / *Zio) -7/Zion -6/Proximity Caves -6/Factory -6/Lower Caves -6/Lower Caves (discovered 2 exits: [*Fac] / *Dat) -6/Data Miner -5/Proximity Caves History --------- Turn | Location | Event 13 | -11/Scrapyard | Discovered new exit (range 16) 126 | -11/Scrapyard | Entered Materials 309 | -10/Materials | Build established: Mutant 453 | -10/Materials | Discovered new exit (range 16) 785 | -10/Materials | Discovered new exit (range 15) 812 | -10/Materials | Identified exit to Mines 959 | -10/Materials | Discovered new exit (range 13) 1155 | -10/Materials | Discovered new exit (range 5) 1424 | -10/Materials | Discovered new exit (range 16) 1771 | -10/Materials | Repaired Ion Engine 1811 | -10/Materials | Repaired Imp. Heat Sink 1863 | -10/Materials | Entered Mines 1995 | -10/Mines | Received a Rocket Launcher from a helpful Derelict 2097 | -10/Mines | Learned location of Storage (-9) 2194 | -10/Mines | Discovered new exit (range 9) 2453 | -10/Mines | Discovered new exit (range 12) 2653 | -10/Mines | Assisted by bots powering up and referring to "LRC-V3" 2693 | -10/Mines | Met a Derelict shopkeep closing up shop 2900 | -10/Mines | Discovered new exit (range 6) 3005 | -10/Mines | Deemed a non-threat by the Exiles lab entrance 3007 | -10/Mines | Discovered new exit (range 5) 3032 | -10/Mines | Entered Exiles 3032 | -10/Exiles | Accompanied by 5 allies 3060 | -10/Exiles | Met 8R-AWN 3062 | -10/Exiles | Led the pair of lost Derelicts to a safe place 3080 | -10/Exiles | Met EX-HEX 3126 | -10/Exiles | Met EX-DEC 3131 | -10/Exiles | Learned location of Zion (-7) 3151 | -10/Exiles | Met EX-BIN 3167 | -10/Exiles | Aligned with FarCom system 3168 | -10/Exiles | Given EX-Vault access code 3196 | -10/Exiles | Opened EX-Vault 3203 | -10/Exiles | Found Modified TNC 3206 | -10/Exiles | Found 0b10 Alert Chip 3229 | -10/Exiles | Warned to stay clear of 0b10 Research branches 3321 | -10/Exiles | Discovered new exit (range 10) 3338 | -10/Exiles | Stole two prototypes: Modified TNC, 0b10 Alert Chip 3338 | -10/Exiles | Entered Mines 3338 | -9/Mines | Accompanied by 3 allies 3339 | -9/Mines | Assembled infested the area 3800 | -9/Mines | A weapon hastily lodged in a ceiling crevice suddenly fell to the ground 3847 | -9/Mines | Found the Drone Emporium 3856 | -9/Mines | Found Prototype Device 3989 | -9/Mines | Discovered new exit (range 4) 4013 | -9/Mines | Entered Materials 4013 | -8/Materials | Accompanied by 1 ally 4013 | -8/Materials | Evolved 4 slots: Propulsion x2, Utility x2 4014 | -8/Materials | Identified Decoy Drone Bay 4501 | -8/Materials | Central database locked down 5080 | -8/Materials | Discovered new exit (range 23) 5245 | -8/Materials | Discovered new exit (range 77) 5888 | -8/Materials | Entered Factory 5888 | -7/Factory | Evolved 2 slots: Utility x2 5890 | -7/Factory | FarCom data flow suspended 5956 | -7/Factory | Discovered new exit (range 5) 6157 | -7/Factory | Entered Lower Caves 6166 | -7/Lower Caves | Encountered a Warlord checkpoint 6261 | -7/Lower Caves | Build established: Hacker-Sprinter 6480 | -7/Lower Caves | Attacked by a delusional Derelict stockpiling parts 6508 | -7/Lower Caves | Spotted B-75 Beast 6625 | -7/Lower Caves | Attracted the attention of an 0b10 checkpoint 6703 | -7/Lower Caves | Learned location of Extension (-4) 6712 | -7/Lower Caves | Discovered new exit (range 9) 6773 | -7/Lower Caves | Entered another Lower Caves area 6911 | -7/Lower Caves | Discovered new exit (range 16) 6992 | -7/Lower Caves | Discovered new exit (range 14) 6996 | -7/Lower Caves | Spotted ET-AWP(f) 6997 | -7/Lower Caves | Spotted I8-47S(f) 6998 | -7/Lower Caves | Encountered a Master Thief 6998 | -7/Lower Caves | Encountered a Master Thief 7004 | -7/Lower Caves | Entered Zion 7038 | -7/Zion | Discovered new exit (range 12) 7046 | -7/Zion | Found Prototype Special Weapon 7046 | -7/Zion | Identified RU-N14's Throwing Claymores 7048 | -7/Zion | Found RU-N14's Throwing Claymores 7105 | -7/Zion | Acquired unknown access codes intercepted by a Zionite 7149 | -7/Zion | Found Prototype Launcher 7150 | -7/Zion | Identified Rocket Array 7186 | -7/Zion | Received a hallucinogenic algorithm 7186 | -7/Zion | Ran a hallucination algorithm 7249 | -7/Zion | Learned location of Warlord (-5) 7267 | -7/Zion | Met Imprinter 7275 | -7/Zion | Imprinted 7277 | -7/Zion | Declared Zion's savior 7525 | -7/Zion | Entered Proximity Caves 7525 | -6/Proximity Caves | Accompanied by 4 allies 7528 | -6/Proximity Caves | Attracted the attention of an 0b10 checkpoint 7670 | -6/Proximity Caves | Spotter reported a threat 7759 | -6/Proximity Caves | Spotter reported a threat 7763 | -6/Proximity Caves | Spotted B-75 Beast 7817 | -6/Proximity Caves | Spotter reported a threat 7818 | -6/Proximity Caves | Discovered new exit (range 10) 7888 | -6/Proximity Caves | Build established: Sprinter 7902 | -6/Proximity Caves | Entered Factory 7902 | -6/Factory | Evolved 2 slots: Power x1, Propulsion x1 8051 | -6/Factory | Discovered new exit (range 11) 8053 | -6/Factory | Identified exit to Lower Caves 8073 | -6/Factory | Retrieved Zion intel report: Guard Positions 8074 | -6/Factory | Zion Infowar Resupply teleported in 8093 | -6/Factory | Fabricated Enh. Force Lance? 8209 | -6/Factory | Build established: Scout 8252 | -6/Factory | Search patrols dispatched 8263 | -6/Factory | Spotted B-75 Beast 8302 | -6/Factory | Lost 3 parts (1n2u) 8307 | -6/Factory | Retrieved Zion intel report: Trap Installations 8308 | -6/Factory | Zion Fire squad teleported in 8465 | -6/Factory | Lost 3 allies 8671 | -6/Factory | Crushed by falling debris 8681 | -6/Factory | Entered Lower Caves 8688 | -6/Lower Caves | Learned Factory stockpile data 8700 | -6/Lower Caves | Learned Factory interactive machine intel 8707 | -6/Lower Caves | Spotted B-75 Beast 8759 | -6/Lower Caves | Found DCF Scrap (10 items) 8874 | -6/Lower Caves | Discovered new exit (range 3) 8874 | -6/Lower Caves | Identified exit to Lower Caves 8882 | -6/Lower Caves | Entered another Lower Caves area 8911 | -6/Lower Caves | Discovered new exit (range 6) 8942 | -6/Lower Caves | Crushed by falling debris 8985 | -6/Lower Caves | Identified exit to Data Miner 9002 | -6/Lower Caves | Spotted C4-9FI(f) 9005 | -6/Lower Caves | Entered Data Miner 9005 | -6/Data Miner | Discovered new exit (range 6) 9010 | -6/Data Miner | Met Data Miner 9016 | -6/Data Miner | Learned location of Section 7 (-2) 9016 | -6/Data Miner | Acquired the access code to Warlord's prototype stash 9020 | -6/Data Miner | Received God Mode back door access code from Data Miner 9027 | -6/Data Miner | Identified exit to Proximity Caves 9027 | -6/Data Miner | Entered Proximity Caves 9071 | -5/Proximity Caves | Acquired the password to a Derelict Tinkerer's latest research 9084 | -5/Proximity Caves | Found Prototype Special Weapon 9084 | -5/Proximity Caves | Identified Molecular Deconstructor 9099 | -5/Proximity Caves | Learned Factory trap positions 9352 | -5/Proximity Caves | Caught by Unaware searching for contraband prototypes 9507 | -5/Proximity Caves | Core integrity fell below 50% 9517 | -5/Proximity Caves | Core integrity fell below 20% 9530 | -5/Proximity Caves | Destroyed by D-63 Destroyer with Heavy Rocket Launcher Last Messages --------------- 09395_ System corrupted: Matter fused (-9). 09432_ System corrupted: Component data lost. 09449_ System corrupted: Heat flow error (+220). 09475_ System corrupted: Component data lost. 09499_ VTOL Module destroyed. 09502_ Modified TNC destroyed. 09503_ Mic. Nuclear Core destroyed. 09504_ 0b10 Alert Chip destroyed. 09506_ Imp. VTOL Module destroyed. 09507_ Dispatcher launches Target Drone into the air. 09507_ Target Drone destroyed. 09508_ Imp. Cooling System destroyed. 09511_ Nuclear Pulse Thruster destroyed. 09514_ Mic. Nuclear Core destroyed. 09516_ Data Receptor disabled. 09517_ Dispatcher launches Target Drone into the air. 09518_ Target Drone destroyed. 09519_ Adv. Sensor Array destroyed. 09519_ Imp. Cesium-ion Thruster destroyed. 09524_ Test Aggregator disabled. Map ----- +----------------------------------------------------+ | ?????????????????????????????????????????????????? | | ?????????????????????????????????????????????????? | | ?????????????????????????????????????????????????? | | ?????????????????????????????????????????????????? | | ?????????????????????????????????????????????????? | | ?????????????????????????????????????????????????? | | ?????????????????????????????????????????????????? | | ?????????????????????????????????????????????????? | | ?????????????????????????????????????????????????? | | ?????????????????????????????????????????????????? | | ?????????????????????????????????????????????????? | | ?????????????????????????????????????????????????? | | ?????????????????????????????????????????????????? | | ?????????????????????????????????????????????????? | | ?????????????????????????????????????????????????? | | ?????????????????????????????????????????????????? | | ?????????????????????????????????????????????????? | | ????????????????????#########????????????????????? | | ????????????????????#"""""""#????????????????????? | | ????????????????????#" """ "#????????????????????? | | ????????????????????#" """ "#????????????????????? | | ?????????????????#??#"" #??? ??????????????? | | ?????????????????# ?#" #?? ?????????????? | | ?????????????????# ?#" #? ???????????? | | ?????????????????# # #? ??????????? | | ?????????????????# #" @ # ??????????? | | ?????????######### #### #### ?????????? | | ???????? d ?????????? | | ???????? ?????????? | | ???????? #?????????? | | ???????? #?????????? | | ???????? ??????????? | | ???????? ??????????? | | ???????? ??????????? | | ???????? ??????????? | | ???????? ??????????? | | ???????? ??????????? | | ???????? ??????????? | | ???????? ####???????????? | | ???????? #??????????????? | | ??????? #??????????????? | | ????? #??????????????? | | ??? #??????????????? | | ? " #??????????????? | | #??????????????? | | #??????????????? | | #??????????????? | | #??????????????? | | #??????????????? | | ######?????????? | +----------------------------------------------------+ Best States ------------- Heat Dissipation 64 Energy Generation 25 Energy Capacity 325 Matter Stores 420 Matter Capacity 500 Sight Range 16 Robot Scan Range 16 Terrain Scan Range 20 Terrain Scan Density 85 ECM Strength 2 Armor Coverage 375 Resistance: EM 15 Phase Shifting 5 Evasion (%) 69 Recoil Reduction 4 Offensive Hacking 10 Defensive Hacking 22 Item Schematics ----------------- Sensor Array | -8/Materials | Hacked Combat Drone Bay | -6/Data Miner | Free Lgt. Regenerative Plating | -6/Data Miner | Free Cld. Nuclear Pulse Thruster | -6/Data Miner | Free Prc. Matter Filter | -6/Data Miner | Free Imp. KE Penetrator | -6/Data Miner | Free Imp. Linear Gravjet | -6/Data Miner | Free Nanoactuators | -6/Data Miner | Free Adv. Datajack | -6/Data Miner | Free Adv. Cooling System | -6/Data Miner | Free Phase Gun | -6/Data Miner | Free Imp. Heavy Treads | -6/Data Miner | Free Particle Reactor | -6/Data Miner | Free Robot Schematics ------------------ G-50 Soldier | -6/Data Miner | Free B-60 Warrior | -6/Data Miner | Free Y-54 Guardian | -6/Data Miner | Free A-15 Conveyor | -6/Data Miner | Free H-66 Slayer | -6/Data Miner | Free X-77 Beamer | -6/Data Miner | Free Fabricated ------------ Enh. Force Lance | x2 | -6/Factory | Preloaded Repaired ---------- Ion Engine | 23% | -10/Materials Imp. Heat Sink | 70% | -10/Materials Alien Tech Used ----------------- None Achievements -------------- None Challenges ------------ None Game ------ Seed InsulatedTransportScythe Manual? 0 Play Time 02:13:58 Cumulative 159.3 hours Start 2025.09.28 @ 11:54:13 End 2025.10.19 @ 15:39:03 Sessions 19 Manual Loads 0 Difficulty Rogue Special Mode None Game No. 91 Rogue 87 Adventurer 4 Explorer 0 Win Type - Total 3 Types 2/0/0/1/0/0/0/0/0/0 Lore% 67 Gallery% 60 Achievement% 50 Wizard Run 0 Options --------- Layout 0 ASCII 0 Keyboard 1 Movement Vi Keybinds 0 Fullscreen 1 Font 24/Smallcaps Map View 76x50 Zoom Use 0% Tactical HUD 1 Map Filters NONE Filters NONE Steam 1 RUN: c3226287-513a-4872-bd4b-b6b13f491bcb